 Dungeon Crawl Stone Soup version 0.27-a0-1200-g94dc6ad4cf (webtiles) character file.

Game seed: 11843084155638354019

179 Shayle the Skirmisher (level 5, 0/57 HPs)
             Began as an Ogre Warper on June 1, 2021.
             Slain by Purgy (3 damage)
             ... on level 4 of the Dungeon.
             The game lasted 00:05:09 (3010 turns).

Shayle the Skirmisher (Ogre Warper)                 Turns: 3010, Time: 00:05:10

Health: 0/57       AC:  7    Str: 15    XL:     5   Next: 59%
Magic:  8/8        EV:  9    Int: 15    God:
Gold:   226        SH:  0    Dex:  8    Spells: 8/8 levels left

rFire    . . .     SeeInvis .   a - +0 mace
rCold    . . .     Faith    .   (no shield)
rNeg     . . .     Spirit   .   b - +0 robe
rPois    .         Reflect  .   (helmet restricted)
rElec    .         Harm     .   (no cloak)
rCorr    .         Rampage  .   (gloves unavailable)
Will     .....                  (boots unavailable)
Stlth    +.........             (no amulet)
HPRegen  0.19/turn              f - ring of flight
MPRegen  0.11/turn              q - +4 ring of protection

@: flying
A: large, unfitting armour, tough skin 1
a: no special abilities


You were on level 4 of the Dungeon.
You visited 1 branch of the dungeon, and saw 4 of its levels.

You collected 226 gold pieces.

Inventory:

Hand Weapons
 a - a +0 mace (weapon)
Armour
 b - a +0 robe (worn)
Jewellery
 f - a ring of flight (left hand)
 l - a ring of see invisible
 n - a ring of resist corrosion
 o - a ring of magical power
 q - a +4 ring of protection (right hand)
Wands
 g - a wand of polymorph (8)
Scrolls
 c - 2 scrolls of enchant weapon {unknown}
 d - a scroll of blinking
 h - a scroll of vulnerability {unknown}
 i - a scroll of amnesia {unknown}
 j - 4 scrolls of teleportation {unknown}
 k - a scroll of magic mapping {unknown}
 m - a scroll of identify {unknown}


   Skills:
 + Level 5.5 Fighting
 + Level 3.8 Maces & Flails
 - Level 1.0 Throwing
 - Level 2.1 Dodging
 - Level 2.4 Spellcasting
 - Level 2.6 Translocations


You had 8 spell levels left.
You didn't know any spells.
Your spell library contained the following spells:

 Spells                   Type           Power      Damage    Failure   Level
 Blink                    Tloc           N/A        N/A       11%         2
 Gell's Gravitas          Tloc           4%         N/A       22%         3
 Lesser Beckoning         Tloc           4%         N/A       22%         3
 Teleport Other           Tloc           9%         N/A       22%         3
 Manifold Assault         Tloc           9%         N/A       89%         5


Dungeon Overview and Level Annotations

Branches:
Dungeon (4/15)
 Temple: D:4-7

Altars:
Ashenzari
Fedhas
Kikubaaqudgha
Sif Muna

Shops:
D:3 =

Annotations:
D:4 Purgy


Innate Abilities, Weirdness & Mutations

You are too large for most types of armour.
You have tough skin. (AC +1)


Message History

Throw: boomerang (disperse)
Press: ? - help, Q - select action, (/) - cycle Shift-Dir - straight line, f/p - Purgy
Aim: Purgy (moderately wounded, 47% to hit)
You throw a boomerang of dispersal.
The boomerang of dispersal hits Purgy but does no damage.
Purgy is moderately wounded.
Purgy bites you.
* * * LOW HITPOINT WARNING * * *
Purgy closely misses you. Purgy barely misses you.
You hit Purgy.
Purgy is heavily wounded.
Purgy bites you but does no damage. Purgy claws you.
* * * LOW HITPOINT WARNING * * *
Purgy claws you but does no damage. Purgy bites you but does no damage.
Purgy closely misses you. Purgy claws you but does no damage.
You hit Purgy but do no damage.
Purgy is heavily wounded.
Purgy bites you but does no damage. Purgy claws you but does no damage. x2
You hit Purgy.
Purgy is heavily wounded.
Purgy closely misses you. Purgy claws you but does no damage.
Purgy closely misses you.
You closely miss Purgy.
Purgy is heavily wounded.
Purgy closely misses you. Purgy claws you but does no damage. x2
You barely miss Purgy.
Purgy is heavily wounded.
Purgy bites you but does no damage. Purgy claws you.
* * * LOW HITPOINT WARNING * * *
Purgy claws you.
* * * LOW HITPOINT WARNING * * *
You barely miss Purgy.
Purgy is moderately wounded.
Purgy bites you.
* * * LOW HITPOINT WARNING * * *
Purgy claws you.
* * * LOW HITPOINT WARNING * * *
Purgy barely misses you. Purgy misses you. Purgy closely misses you.
Purgy claws you.
You die...

########################
.......†................
.###.####....###.#######
...#.####.##.# #.#
.#.#.........# #)#
............####.#
#####.##.§§.....@#
.........≈§≈≈≈..T#
#####..≈≈§§####...
..†...≈≈§### .##..
.###.§≈≈§# .# §.#
...§§§≈§≈# .. §§§
.#..≈≈§§§# ## §≈§#
.#..###### §§.#
.#.........


You could see Purgy.

Vanquished Creatures
  A scorpion (D:4)
  An orc wizard (D:3)
  A hound skeleton (D:4)
  3 adders
  2 dart slugs
  3 orcs (D:3)
  8 ball pythons
  4 endoplasms
  3 giant cockroaches
  4 goblins
  3 hobgoblins
  8 bats
  2 frilled lizards
  4 kobolds
  4 rats (D:1)
51 creatures vanquished.

Notes
Turn   | Place    | Note
-------+----------+-------------------------------------------
     0 | D:1      | Shayle the Ogre Warper began the quest for the Orb.
     0 | D:1      | Reached XP level 1. HP: 22/22 MP: 3/3
   182 | D:1      | Reached skill level 3 in Fighting
   353 | D:1      | Reached XP level 2. HP: 28/31 MP: 5/5
  1092 | D:2      | Reached XP level 3. HP: 38/39 MP: 6/6
  1106 | D:2      | Reached skill level 4 in Fighting
  1197 | D:2      | Found a faded altar of an unknown god.
  2033 | D:3      | Found a shimmering blue altar of Sif Muna.
  2034 | D:3      | Found a broken altar of Ashenzari.
  2070 | D:3      | Found a blossoming altar of Fedhas.
  2071 | D:3      | Found an ancient bone altar of Kikubaaqudgha.
  2201 | D:3      | Reached XP level 4. HP: 45/49 MP: 7/7
  2484 | D:3      | Found Mejid's Jewellery Shoppe.
  2795 | D:4      | Reached skill level 5 in Fighting
  2795 | D:4      | Reached XP level 5. HP: 48/57 MP: 8/8
  2947 | D:4      | Noticed Purgy
  3010 | D:4      | Slain by Purgy

Illustrated notes

Levels and vault maps discovered:
D:1:      dpeg_arrival_tiny_c, layout_loops_cross, minmay_small_reverse_x
D:2:      layout_rooms, shapermc_ecumenical_altar_mp_vishouse
D:3:      layout_loops_ring, grunt_temple_overflow_growth_and_decay,
          amethyst_overflow_temple_binary, serial_glass, glass_columns_a,
          glass_columns_b, serial_shops, nicolae_shop_statue_plus,
          nrook_campfire
D:4:      layout_basic, gammafunk_temple_overflow_statue, gammafunk_ghost_icy,
          grunt_decor_junction, uniq_purgy

Skill      XL: |  1  2  3  4 |
---------------+-------------+-----
Fighting       | 3 4 5 |  5.5
Maces & Flails | 2 3 |  3.8
Throwing       | |  1.0
Dodging        | |  2.1
Spellcasting   | |  2.4
Translocations | |  2.6

Action                   |  1- 3 |  4- 6 || total
-------------------------+-------+-------++-------
Melee: Mace              |   120 |    78 ||   198
Throw: Boomerang         |       |     5 ||     5
Evoke: Wand              |       |     1 ||     1
  Use: Potion            |     2 |     1 ||     3
 Stab: Sleeping          |     1 |     1 ||     2
Armor: Robe              |    81 |    51 ||   132
Dodge: Dodged            |    80 |    62 ||   142

Table legend: (Time is in decaauts)
 A = Elapsed time spent in this place.
 B = Non-inter-level travel time spent in this place.
 C = Inter-level travel time spent in this place.
 D = Time resting spent in this place.
 E = Time spent auto-exploring this place.
 F = Levels seen in this place.
 G = Mean time per level.
                   A        B        C        D        E       F      G
               +--------+--------+--------+--------+--------+-----+--------+
         Total |   3065 |   2935 |    130 |    204 |   2111 |   4 |  766.2 |
       Dungeon |   3065 |   2935 |    130 |    204 |   2111 |   4 |  766.2 |
               +--------+--------+--------+--------+--------+-----+--------+

Top non-repeatable levels by time:
     D:1: 1022 daAuts
     D:3: 983 daAuts
     D:2: 751 daAuts
     D:4: 306 daAuts
